 Dungeon Crawl Stone Soup version 0.32-a0-799-g95e1662365 (webtiles) character file.

Game seed: 5877807858876796052

44 croobank the Ruffian (level 3, 0/36 HPs)
             Began as an Octopode Shapeshifter on Mar 22, 2024.
             Succumbed to an adder's poison
             ... on level 2 of the Dungeon.
             The game lasted 00:20:26 (1923 turns).

croobank the Ruffian (Octopode Shapeshifter)        Turns: 1923, Time: 00:20:27

Health: 0/36       AC:  1    Str: 13    XL:     3   Next: 60%
Magic:  3/3        EV:  2    Int: 14    God:
Gold:   75         SH:  0    Dex: 11    Spells: 2/2 levels left

rFire   . . .        p - +0 short sword
rCold   . . .        (no shield)
rNeg    . . .        (helmet currently unavailable)
rPois   .            (no amulet)
rElec   .            (no ring)
rCorr   .            (no ring)
SInv    .            (no ring)
Will    .....        (no ring) Stlth
                     (no ring)
HPRegen 0.26/turn    (no ring)
MPRegen 0.08/turn    (no ring)
                     (no ring)

%: no passive effects
@: berserking, lethally poisoned (0 -> -5), beast-form, constricted, very quick
A: beast (slay +1), almost no armour, amphibious, 8 rings, camouflage 1,
gelatinous body 1, (nimble swimmer 1), tentacles
a: Begin Untransformation


You were on level 2 of the Dungeon.
You were a hulking beast.
You visited 1 branch of the dungeon, and saw 2 of its levels.

You collected 75 gold pieces.

Inventory:

Hand Weapons
 g - a +0 spear
 h - a +0 whip
 o - a +0 dagger
 p - a +0 short sword (weapon)
Missiles
 j - 2 curare-tipped darts (quivered)
 k - 4 boomerangs
Jewellery
 s - a +6 ring of strength
 t - a ring of protection from fire
Talismans
 b - a beast talisman (active)
 c - a flux talisman
Scrolls
 m - 2 scrolls of poison {unknown}
 n - a scroll of noise {unknown}
 q - a scroll of teleportation {unknown}
 r - a scroll of immolation {unknown}
Potions
 a - a potion of lignification
 d - 2 potions of haste
 f - a potion of mutation {unknown}
 l - a potion of curing {unknown}


   Skills:
 + Level 1.7 Fighting
 + Level 2.5 Dodging
 + Level 3.4 Unarmed Combat
 + Level 3.3 Shapeshifting


You had 2 spell levels left.
You didn't know any spells.
Your spell library contained the following spells:

 Spells                   Type           Power      Damage    Failure   Level
 Inner Flame              Hex/Fire       0%         N/A       65%         3
 Irradiate                Conj/Alch      0%         3d11      100%        5
 Ignition                 Fire           0%         3d3       100%        8


Dungeon Overview and Level Annotations

Branches:
Dungeon (2/15)

Altars:


Innate Abilities, Weirdness & Mutations

You are a hulking beast.
Your limbs bulge with bestial killing power. (Slay +1)
You cannot wear most types of armour.
You are amphibious.
You can wear up to eight rings at the same time.
Your skin changes colour to match your surroundings (Stealth+).
Your rubbery body absorbs attacks. (AC +1, EV +1)
((You are camouflaged when in or above water. (Stealth+)))
You have tentacles for arms and can constrict up to eight enemies at once.


Message History

As you read the scroll of identify, it crumbles to dust.
e - a potion of berserk rage The gnoll shouts!
The adder hisses angrily.
You hear an angry hiss. x2
A ball python comes into view.
The adder bites you.
You are poisoned.
The adder poisons you!
You feel sick. The adder attacks as it pursues you! The adder bites you.
You feel sick.
You closely miss the adder. Your grab misses the adder.
You feel sick. The adder bites you.
You closely miss the adder. Your grab misses the adder. You squeeze the adder!
The adder is almost dead.
You feel sick. The adder closely misses you. The adder completely misses you.
You barely miss the adder. Your grab misses the adder.
The adder is almost dead.
You feel sick. The ball python closely misses you.
The adder closely misses you. The ball python bites you.
* * * LOW HITPOINT WARNING * * *
The ball python grabs you. The ball python constricts you.
A red film seems to cover your vision as you go berserk!
You feel yourself moving faster!
You feel mighty!
You feel sick.
You are no longer poisoned.
The adder bites you.
* * * LOW HITPOINT WARNING * * *
The ball python bites you but does no damage.
The ball python constricts you.
* * * LOW HITPOINT WARNING * * *
You closely miss the adder. Your grab misses the adder.
The adder is severely wounded.
The adder bites you.
* * * LOW HITPOINT WARNING * * *
You are lethally poisoned!
The adder poisons you! The ball python bites you.
* * * LOW HITPOINT WARNING * * *
The ball python constricts you.
* * * LOW HITPOINT WARNING * * *
You puncture the adder!
You kill the adder!
You die...

.........#......##.###
########.####...# #
#.###....# .#
#######.##.#.#.##.#
#...†)..).........#
#.#####.##.#.#g.#####
#†# #.#...........#
#.# #.#.##.#†S....#
#.# #.#. #.#h.###...
###.#####.#.##.#..# ##
...#......#.# ...#
###.#######.# #...#
#...# #.###.... ###.##
#.#....### #...#
#.#.#.##
###.#.####.#.#.#
#...#...##...#.#


You could see a gnoll and a ball python.

Vanquished Creatures
  An adder (D:2)
  2 dart slugs
  4 ball pythons (D:1)
  2 bats (D:1)
  3 endoplasms (D:1)
  2 giant cockroaches
  4 hobgoblins
  4 kobolds
  A quokka (D:1)
  6 frilled lizards
  6 goblins
  3 rats (D:1)
38 creatures vanquished.

Notes
Turn   | Place    | Note
-------+----------+-------------------------------------------
     0 | D:1      | croobank the Octopode Shapeshifter began the quest for the
                  | Orb.
     0 | D:1      | Reached XP level 1. HP: 13/13 MP: 1/1
   262 | D:1      | Reached XP level 2. HP: 14/18 MP: 2/2
   686 | D:1      | Reached XP level 3. HP: 23/23 MP: 3/3
  1922 | D:2      | HP: 1/36 [constriction (1)]
  1923 | D:2      | Succumbed to an adder's poison

Illustrated notes

Levels and vault maps discovered:
D:1:      ldierk_walled_garden_2, layout_loops_ring,
          chequers_serial_rivers_micro_c, nicolae_hexahallways,
          serial_bayou_pond_c
D:2:      layout_loops_ring, basic_altar, minmay_hexomino_c4

Action                     || total
---------------------------++-------
  Melee: Unarmed           ||    33
         Constrict         ||    14
         Tentacles         ||    11
         Punch             ||     2
         Short sword       ||    27
    Use: Scroll            ||     2
         Potion            ||     1
   Stab: Sleeping          ||     7
         Distracted        ||     1
 Armour: Skin              ||    23
  Dodge: Dodged            ||    21

Table legend: (Time is in decaauts)
 A = Elapsed time spent in this place.
 B = Non-inter-level travel time spent in this place.
 C = Inter-level travel time spent in this place.
 D = Time resting spent in this place.
 E = Time spent auto-exploring this place.
 F = Levels seen in this place.
 G = Mean time per level.
                   A        B        C        D        E       F      G
               +--------+--------+--------+--------+--------+-----+--------+
         Total |   1919 |   1890 |     29 |    819 |    715 |   2 |  959.5 |
       Dungeon |   1919 |   1890 |     29 |    819 |    715 |   2 |  959.5 |
               +--------+--------+--------+--------+--------+-----+--------+

Top non-repeatable levels by time:
     D:1: 1590 daAuts
     D:2: 329 daAuts
